 Dungeon Crawl Stone Soup version 0.27-a0-1202-ge72e49191c (webtiles) character file.

Game seed: 3480830617351317506

3203 EnegeticOcto the Slasher (level 9, -1/69 HPs)
             Began as a Mummy Warper on June 2, 2021.
             Was a Follower of Uskayaw.
             Slain by Harold
             ... wielding a +0 glaive
              (10 damage)
             ... on level 8 of the Dungeon.
             The game lasted 00:17:33 (9206 turns).

EnegeticOcto the Slasher (Mummy Warper)             Turns: 9206, Time: 00:17:34

Health: -1/69      AC: 17    Str: 22    XL:     9   Next: 65%
Magic:  11/13      EV:  6    Int: 14    God:    Uskayaw [*.....]
Gold:   441        SH:  5    Dex: 11    Spells: 11/13 levels left

rFire    x . .     SeeInvis .   b - +2 dagger (venom)
rCold    + + .     Faith    .   (no shield)
rNeg     + + +     Spirit   .   z - +0 plate armour
rPois    ∞         Reflect  +   E - +2 helmet
rElec    .         Harm     .   (no cloak)
rCorr    .         Rampage  .   (no gloves)
Will     +....                  n - +1 pair of boots
Stlth    ..........             y - amulet of reflection
HPRegen  0.21/turn              j - ring of protection from cold
MPRegen  0.13/turn              k - +6 ring of strength

@: marked
A: cold resistance 1, negative energy resistance 3, torment resistance 2, heat
vulnerability 1, no potions
a: Renounce Religion, Stomp


You were on level 8 of the Dungeon.
You worshipped Uskayaw.
Uskayaw was noncommittal.
You visited 1 branch of the dungeon, and saw 9 of its levels.

You collected 441 gold pieces.

Inventory:

Hand Weapons
 a - a +2 vampiric long sword
   (You found it on level 1 of the Dungeon)
 b - a +2 dagger of venom (weapon)
   (You took it off a goblin on level 1 of the Dungeon)
 c - a +0 triple sword of draining
   (You acquired it on level 8 of the Dungeon)
Missiles
 e - 3 boomerangs of dispersal
 x - 3 boomerangs (quivered)
 B - 13 poisoned darts
Armour
 m - a +2 leather armour of fire resistance
   (You took it off Ijyb on level 4 of the Dungeon)
 n - a +1 pair of boots (worn)
   (You found it on level 4 of the Dungeon)
 z - a +0 plate armour (worn)
   (You took it off an orc warrior on level 7 of the Dungeon)
 E - a +2 helmet (worn)
   (You found it on level 8 of the Dungeon)
Magical Staves
 w - a staff of air
   (You found it on level 5 of the Dungeon)
Jewellery
 j - a ring of protection from cold (left hand)
   (You found it on level 3 of the Dungeon)
 k - a +6 ring of strength (right hand)
   (You took it off a goblin on level 3 of the Dungeon)
 y - an amulet of reflection (around neck)
   (You took it off an orc wizard on level 6 of the Dungeon)
Scrolls
 o - a scroll of teleportation {unknown}
 p - a scroll of magic mapping {unknown}
 q - a scroll of immolation {unknown}
 r - a scroll of silence {unknown}
 t - a scroll of vulnerability
 v - a scroll of fear {unknown}
 A - a scroll of amnesia {unknown}
 C - a scroll of torment {unknown}
 D - a scroll of fog {unknown}


   Skills:
 + Level 5.7 Fighting
 + Level 7.6 Long Blades
 - Level 2.2 Maces & Flails
 - Level 0.7 Throwing
 + Level 3.8 Armour
 - Level 1.5 Dodging
 - Level 2.6 Spellcasting
 - Level 2.4 Translocations
 - Level 4.0 Invocations
 - Level 4.0 Evocations


You had 11 spell levels left.
You knew the following spells:

 Your Spells              Type           Power      Damage    Failure   Level
Y - Blink                 Tloc           N/A        N/A       95%         2

Your spell library contained the following spells:

 Spells                   Type           Power      Damage    Failure   Level
 Freeze                   Ice            4%         1d3       99%         1
 Gell's Gravitas          Tloc           4%         N/A       99%         3
 Lesser Beckoning         Tloc           4%         N/A       99%         3
 Teleport Other           Tloc           8%         N/A       99%         3
 Corpse Rot               Necr/Air       N/A        N/A       100%        2
 Frozen Ramparts          Ice            2%         1d2       100%        3
 Ozocubu's Armour         Ice            1%         N/A       100%        3
 Stone Arrow              Conj/Erth      2%         3d7       100%        3
 Hailstorm                Conj/Ice       1%         3d3       100%        4
 Manifold Assault         Tloc           8%         N/A       100%        5
 Metabolic Englaciation   Hex/Ice        0%         N/A       100%        5
 Summon Forest            Summ/Tloc      2%         N/A       100%        5
 Eringya's Noxious Bog    Tmut/Pois      0%         N/A       100%        6
 Summon Hydra             Summ           0%         N/A       100%        7
 Hydra Form               Tmut           Unusable   N/A       N/A         5

Dungeon Overview and Level Annotations

Branches:
Dungeon (9/15)             Temple (0/1) D:7
   Lair: D:8-11         Orc: D:9-12

Altars:
Cheibriados
Fedhas
Gozag
Sif Muna
Uskayaw
Vehumet
Wu Jian
Xom
Zin

Annotations:
D:7 1 runed translucent door
D:8 Harold


Innate Abilities, Weirdness & Mutations

You are immune to poison.
Your flesh is cold resistant. (rC+)
You are immune to negative energy. (rN+++)
You are immune to unholy pain and torment.
You are vulnerable to heat. (rF-)
You do not drink.


Message History

The yak gores you but does no damage.
You barely miss the yak.
The yak is severely wounded.
The orc wizard hits you with a +0 dagger.
The yak barely misses you.
You hit the yak but do no damage.
The yak is severely wounded.
The orc wizard hits you but does no damage.
You block the yak's attack.
You can no longer pass through a line of other dancers.
You hit the yak but do no damage.
The yak is severely wounded.
The orc wizard hits you but does no damage.
The yak barely misses you.
You slash the yak!
The yak is almost dead.
The orc wizard hits you but does no damage.
The yak gores you.
You can now pass through a line of other dancers.
You slash the yak!
You kill the yak!
The orc wizard hits you but does no damage.
You see here a yak corpse.
You hit the orc wizard.
The orc wizard is lightly wounded.
You block the orc wizard's attack.
You slash the orc wizard!
The orc wizard is severely wounded.
The orc wizard hits you but does no damage.
You hit the orc wizard.
You feel better.
You kill the orc wizard!
You hit the orc.
You feel better.
The orc is moderately wounded.
You block the orc's attack.
You closely miss the orc.
The orc is moderately wounded.
The orc hits you but does no damage.
You hit the orc.
You feel better.
The orc is almost dead.
The orc hits you but does no damage.
Uskayaw will force your foes to helplessly watch your dance.
Uskayaw prepares the audience for your solo!
The helpless orc fails to defend itself.
You slash the orc!
You kill the orc!
Items here: )) [[ ††.
You see here a yak corpse.
You feel the dreadful sensation subside.
Your +2 dagger of venom begins to drip with poison!
b - a +2 dagger of venom (weapon)
Harold hits you with a +0 glaive.
There is a stone staircase leading down here.
You hit Harold.
Harold is poisoned.
Harold is lightly wounded.
Harold hits you but does no damage.
You barely miss Harold.
Harold is lightly wounded.
Harold hits you with a +0 glaive!
Aiming: Line Pass
Press: ? - help, Dir - move target Harold appears confused.
Harold hits you with a +0 glaive.
You hit Harold.
Harold looks as sick as possible!
Harold is lightly wounded.
You barely miss Harold.
Harold is lightly wounded.
Harold seems less confused.
Harold hits you with a +0 glaive!
You hit Harold but do no damage.
Harold looks as sick as possible!
Harold is moderately wounded.
Harold casts a spell at you. A sentinel's mark forms upon you.
Okay, then.
You can't drink.
Unknown command.
You hit Harold but do no damage.
Harold is moderately wounded.
Harold hits you with a +0 glaive!!
* * * LOW HITPOINT WARNING * * *
You can't drink.
As you read the scroll labelled LAOCZYFIAW, it crumbles to dust.
It is a scroll of enchant armour.
Your +0 pair of boots glows green for a moment.
Harold points at you and mumbles some strange words.
The mark upon you grows brighter.
Okay, then.
You block Harold's attack.
You can no longer pass through a line of other dancers.
Harold throws a throwing net.
The throwing net closely misses you.
Things that are here:
a +0 helmet; a +0 leather armour; a +0 chain mail You see here a throwing net {!f}.
Harold throws a throwing net.
The throwing net hits you.
You become entangled in the net!
You see here a throwing net {!f}.
You struggle against the net.
Harold fires a harpoon shot at you. The harpoon shot hits you!
* * * LOW HITPOINT WARNING * * *
You are yanked forward by the harpoon shot.
Harold hits you from afar with a +0 glaive!
You die...

........# #....###############
........## #...##......#.......
.........# #..##....<..........
.........# #...................
#..##..#.# #####...............
##.###.#.## #.^...............
.#.# #)#..######.#...............
...###†##..##...[#...............
##.....>#.....@.@(...............
....#............................
.......................!.......##
...................#...<......##
......###.#..........#...#######
.....###....##.....###....>)...#
.....##.....##.....##..........#
......#.##.........#...........#
.........#.....................#


You could see Harold (very poisoned).

Vanquished Creatures
  Maurice (D:8)
  Sigmund (D:4)
  A yak (D:8)
  3 water moccasins
  An orc warrior (D:7)
  2 ogres
  2 necrophages
  A centaur (D:8)
  2 kobold brigands
  3 bullfrogs
  3 scorpions
  2 howler monkeys
  2 orc priests
  3 jellies
  7 hounds
  A centaur skeleton (D:6)
  Jessica (D:2)
  Ijyb (D:4)
  5 iguanas
  6 orc wizards
  8 adders
  A howler monkey skeleton (D:5)
  A shadow imp (D:8)
  An adder skeleton (D:4)
  3 worms
  4 dart slugs
  16 orcs
  10 ball pythons
  2 endoplasms
  5 giant cockroaches
  10 goblins
  6 hobgoblins
  2 jackals (D:4)
  4 quokkas
  4 bats
  4 frilled lizards
  16 kobolds
  A quokka skeleton (D:4)
  5 rats
151 creatures vanquished.

Vanquished Creatures (collateral kills)
  Psyche (D:8)
  A bullfrog (D:8)
  2 electric eels (D:8)
4 creatures vanquished.

Vanquished Creatures (others)
  4 plants (D:8)
4 creatures vanquished.

Grand Total: 159 creatures vanquished

Notes
Turn   | Place    | Note
-------+----------+-------------------------------------------
     0 | D:1      | EnegeticOcto the Mummy Warper began the quest for the Orb.
     0 | D:1      | Reached XP level 1. HP: 16/16 MP: 4/4
   106 | D:1      | Reached skill level 2 in Maces & Flails
   219 | D:1      | Reached XP level 2. HP: 18/22 MP: 5/5
   353 | D:1      | Found a faded altar of an unknown god.
   362 | D:1      | Became a worshipper of Uskayaw the Reveller
   362 | D:1      | Reached * piety under Uskayaw
   375 | D:1      | Reached ** piety under Uskayaw
   491 | D:1      | Reached skill level 1 in Long Blades
   578 | D:1      | Reached *** piety under Uskayaw
   705 | D:1      | Reached XP level 3. HP: 19/27 MP: 7/7
   898 | D:2      | Reached skill level 2 in Long Blades
  1033 | D:2      | Noticed Jessica
  1042 | D:2      | Killed Jessica
  1043 | D:2      | Reached XP level 4. HP: 17/33 MP: 8/8
  1365 | D:2      | Reached skill level 3 in Long Blades
  1423 | D:2      | Noticed an ogre
  1449 | D:2      | Killed an ogre
  1450 | D:2      | Reached XP level 5. HP: 27/38 MP: 9/9
  1562 | D:2      | Reached skill level 4 in Long Blades
  2174 | D:3      | Reached XP level 6. HP: 43/44 MP: 10/10
  3032 | D:4      | Noticed Sigmund
  3043 | D:4      | Killed Sigmund
  3044 | D:4      | Reached skill level 5 in Long Blades
  3074 | D:4      | Noticed Ijyb
  3087 | D:4      | Killed Ijyb
  3171 | D:4      | Reached XP level 7. HP: 50/50 MP: 11/11
  3193 | D:4      | Reached skill level 6 in Long Blades
  3587 | D:4      | Reached skill level 7 in Long Blades
  3604 | D:4      | Reached skill level 1 in Armour
  3742 | D:4      | Reached XP level 8. HP: 43/57 MP: 12/12
  4065 | D:5      | Entered Level 5 of the Dungeon
  4232 | D:5      | Reached skill level 3 in Fighting
  4232 | D:5      | Reached skill level 1 in Invocations
  4232 | D:5      | Reached skill level 1 in Evocations
  5201 | D:6      | Reached skill level 2 in Armour
  5209 | D:6      | Reached skill level 4 in Fighting
  5209 | D:6      | Reached skill level 2 in Invocations
  5745 | D:6      | Found a blossoming altar of Fedhas.
  5917 | D:6      | Reached skill level 2 in Evocations
  6439 | D:7      | Reached skill level 5 in Fighting
  6532 | D:7      | Found a staircase to the Ecumenical Temple.
  6550 | D:7      | Reached skill level 3 in Invocations
  6550 | D:7      | Reached XP level 9. HP: 64/68 MP: 13/13
  6568 | D:7      | Found a runed translucent door.
  6568 | D:7      | Noticed a sixfirhy
  6649 | D:7      | Found an ornate altar of the Wu Jian Council.
  6649 | D:7      | Found an opulent altar of Gozag.
  6649 | D:7      | Found a snail-covered altar of Cheibriados.
  6662 | D:7      | Reached skill level 3 in Armour
  6710 | D:7      | Found a shimmering altar of Xom.
  6710 | D:7      | Found a shimmering blue altar of Sif Muna.
  6762 | D:7      | Found a radiant altar of Vehumet.
  7288 | D:8      | Reached skill level 3 in Evocations
  7324 | D:8      | Learned a level 2 spell: Blink
  7637 | D:8      | Reached skill level 4 in Invocations
  7735 | D:8      | Noticed Psyche
  7745 | D:8      | Killed Psyche
  7746 | D:8      | Reached skill level 4 in Evocations
  7889 | D:8      | Noticed Harold
  7906 | D:8      | Noticed Maurice
  8754 | D:8      | Killed Maurice
  8883 | D:8      | Identified a scroll of acquirement
  8883 | D:8      | Acquired a +0 triple sword of draining
  9206 | D:8      | Slain by Harold

Illustrated notes

Levels and vault maps discovered:
D:1:      heliophobic_arrival_henge, layout_rooms, ebering_ecumenical_altar_hall
D:2:      layout_loops_ring, feat_on_display, uniq_jessica
D:3:      layout_loops_ring, hex_large
D:4:      layout_loops_ring, minmay_misc_feat_iff, minivault_27,
          minmay_joined_circles, uniq_sigmund, uniq_ijyb
D:5:      layout_basic
D:6:      layout_gridville, lemuel_crystal_altar
D:7:      cheibrodos_shockbox, layout_loops_ring, minmay_overflow_temple_hex,
          nicolae_overflow_hidden_temple, minmay_temple_entry_stoned_glass
D:8:      layout_rooms, minmay_holes, serial_bayou_ford_a,
          hangedman_glass_teeth, hangedman_decor_slide_cut, uniq_harold,
          uniq_maurice, uniq_psyche
D:9:      minmay_bloctagon, layout_irregular_city, kennysheep_ying_yang,
          uniq_pikel, uniq_joseph

Skill      XL: |  1  2  3  4  5  6  7  8  9 |
---------------+----------------------------+-----
Maces & Flails | 2 |  2.2
Long Blades    | 1 2 3 4 5 7 |  7.6
Armour         | 1 2 3 |  3.8
Fighting       | 5 |  5.7
Invocations    | 3 4 |  4.0
Evocations     | 2 4 |  4.0
Throwing       | |  0.7
Dodging        | |  1.5
Spellcasting   | |  2.6
Translocations | |  2.4

Action                   |  1- 3 |  4- 6 |  7- 9 || total
-------------------------+-------+-------+-------++-------
Melee: Mace              |    10 |       |       ||    10
       Long sword        |    57 |   124 |   340 ||   521
       Dagger            |     3 |    20 |    37 ||    60
Throw: Boomerang         |       |     2 |     6 ||     8
Invok: Stomp             |       |     1 |    13 ||    14
       Line Pass         |       |       |     1 ||     1
Evoke: Wand              |       |       |     5 ||     5
  Use: Scroll            |       |       |     5 ||     5
 Stab: Paralysed         |     1 |       |     5 ||     6
Armor: Leather armour    |    16 |    11 |       ||    27
       Chain mail        |       |    49 |   137 ||   186
       Plate armour      |       |       |   117 ||   117
Dodge: Dodged            |    47 |    57 |   140 ||   244
Block: Other             |       |       |    40 ||    40
       Reflection        |       |       |     2 ||     2
       Rpst.: Long sword |    17 |    19 |    43 ||    79

Table legend: (Time is in decaauts)
 A = Elapsed time spent in this place.
 B = Non-inter-level travel time spent in this place.
 C = Inter-level travel time spent in this place.
 D = Time resting spent in this place.
 E = Time spent auto-exploring this place.
 F = Levels seen in this place.
 G = Mean time per level.
                   A        B        C        D        E       F      G
               +--------+--------+--------+--------+--------+-----+--------+
         Total |   9263 |   8981 |    282 |   2113 |   5296 |   9 | 1029.2 |
       Dungeon |   9263 |   8981 |    282 |   2113 |   5296 |   9 | 1029.2 |
               +--------+--------+--------+--------+--------+-----+--------+

Top non-repeatable levels by time:
     D:7: 1588 daAuts
     D:6: 1313 daAuts
     D:2: 1177 daAuts
     D:8: 1170 daAuts
     D:4: 1063 daAuts
     D:5: 1057 daAuts
     D:3: 962 daAuts
     D:1: 898 daAuts
     D:9: 31 daAuts
